 Dungeon Crawl Stone Soup version 0.27.1-3-gb3d3a73c9e (webtiles) character file.

Game seed: 1861925254338509731

785 Atelerd the Digger (level 7, -23/41 HPs)
             Began as an Octopode Earth Elementalist on Oct 10, 2021.
             Was an Initiate of Sif Muna.
             Annihilated by an ogre (27 damage)
             ... on level 6 of the Dungeon.
             The game lasted 00:09:52 (8240 turns).

Atelerd the Digger (Octopode Earth Elementalist)    Turns: 8240, Time: 00:09:53

Health: -23/41     AC:  1    Str:  7    XL:     7   Next: 86%
Magic:  5/12       EV: 13    Int: 20    God:    Sif Muna [......]
Gold:   329        SH:  5    Dex: 12    Spells: 8/13 levels left

rFire    + . .     SeeInvis .   x - +1 dagger (venom)
rCold    . . .     Faith    .   (no shield)
rNeg     . . .     Spirit   .   (helmet restricted)
rPois    .         Reflect  +   j - amulet of reflection
rElec    .         Harm     .   v - ring of protection from fire
rCorr    .         Rampage  .   (no ring)
Will     .....                  (no ring)
Stlth    ++++......             (no ring)
HPRegen  0.13/turn              (no ring)
MPRegen  0.13/turn              (no ring)
                                (no ring)
                                (no ring)

@: brilliant
A: almost no armour, amphibious, 8 rings, camouflage 1, gelatinous body 1,
nimble swimmer 1, tentacles
a: Renounce Religion


You were on level 6 of the Dungeon.
You worshipped Sif Muna.
Sif Muna was noncommittal.
You visited 2 branches of the dungeon, and saw 7 of its levels.
You also visited: Sewer.

You collected 329 gold pieces.

Inventory:

Hand Weapons
 a - a +0 vorpal dagger
 x - a +1 dagger of venom (weapon)
Missiles
 m - a throwing net
Jewellery
 j - an amulet of reflection (around mantle)
 t - an amulet of guardian spirit
 v - a ring of protection from fire (left tentacle)
Scrolls
 c - a scroll of vulnerability {unknown}
 h - 2 scrolls of immolation
 i - 2 scrolls of magic mapping
 l - 2 scrolls of brand weapon
 o - 2 scrolls of enchant armour
 p - a scroll of teleportation {unknown}
 q - 2 scrolls of amnesia {unknown}
 s - a scroll of silence {unknown}
 u - a scroll of acquirement {unknown}
 y - 2 scrolls of blinking {unknown}
 z - 2 scrolls of fog {unknown}
 A - a scroll of summoning {unknown}
Potions
 d - 2 potions of invisibility {unknown}
 e - a potion of resistance {unknown}
 f - 4 potions of degeneration
 k - a potion of curing {unknown}
 n - 6 potions of flight
 r - a potion of brilliance
 w - 2 potions of attraction {unknown}


   Skills:
 - Level 2.0 Dodging
 + Level 4.1 Stealth
 + Level 3.7 Spellcasting
 * Level 5.0 Transmutations
 * Level 5.9 Earth Magic
 + Level 1.1 Invocations


You had 8 spell levels left.
You knew the following spells:

 Your Spells              Type           Power      Damage    Failure   Level
a - Sandblast             Erth           82%        2d17      1%          1
p - Petrify               Tmut/Erth      38%        N/A       14%         4

Your spell library contained the following spells:

 Spells                   Type           Power      Damage    Failure   Level
 Passwall                 Tmut/Erth      31%        N/A       1%          2
 Stone Arrow              Conj/Erth      46%        3d9       12%         3
 Shock                    Conj/Air       20%        1d4       13%         1
 Gell's Gravitas          Tloc           2%         N/A       36%         3
 Lesser Beckoning         Tloc           2%         N/A       36%         3
 Swiftness                Air            5%         N/A       36%         3
 Teleport Other           Tloc           5%         N/A       36%         3
 Airstrike                Air            2%         N/A       78%         4


Dungeon Overview and Level Annotations

Branches:
Dungeon (6/15)             Temple (1/1) D:5           Sewer (visited)

Altars:
Cheibriados
Dithmenos
Elyvilon
Fedhas
Gozag
Hepliaklqana
Kikubaaqudgha
Makhleb
Okawaru
Ru
Sif Muna
Trog
Uskayaw
Vehumet
Wu Jian
Xom
Zin

Shops:
D:3 [

Annotations:
D:4 2 transporters, exclusion: downstairs
D:5 exclusion: downstairs


Innate Abilities, Weirdness & Mutations

You cannot wear most types of armour.
You are amphibious.
You can wear up to eight rings at the same time.
Your skin changes colour to match your surroundings (Stealth+).
Your rubbery body absorbs attacks. (AC +1, EV +1)
You are camouflaged near water. (Stealth+)
You have tentacles for arms and can constrict up to eight enemies at once.


Message History

The blast of sand hits the wyvern skeleton!
The wyvern skeleton is severely damaged.
You block the wyvern skeleton's attack. The ogre closely misses you.
The wyvern skeleton barely misses you.
The blast of sand hits the wyvern skeleton.
The wyvern skeleton is severely damaged.
The bullfrog croaks.
The wyvern skeleton misses you. The ogre closely misses you.
Unknown command.
You hit the wyvern skeleton. You squeeze the wyvern skeleton.
The wyvern skeleton is almost destroyed.
The wyvern skeleton barely misses you.
Casting: Sandblast (safe; 1% risk of failure)
Confirm with . or Enter, or press ? or * to list all spells.
The spell is quite dangerous to cast (14% risk of failure)!
Continue anyway?
Aiming: Petrify (quite dangerous; 14% risk of failure)
Press: ? - help, Shift-Dir - straight line, f/p - wyvern skeleton
Aim: a wyvern skeleton (almost destroyed, chance to affect: 67%)
The ogre resists with significant effort.
Unknown command.
The blast of sand hits the ogre!
The ogre is moderately wounded.
The ogre hits you with a +0 giant club!
The blast of sand hits the ogre!
The ogre is severely wounded.
You now have no stones remaining.
The ogre hits you with a +0 giant club!!
Ouch! That really hurt!
* * * LOW HITPOINT WARNING * * *
You are too injured to fight recklessly!
The bullfrog barely misses you.
The bullfrog hits you but does no damage.
Okay, then.
Okay, then.
It was a potion of brilliance.
You feel clever all of a sudden. The bullfrog barely misses you.
The ogre hits you with a +0 giant club!!
Ouch! That really hurt!
You die...

######...........................
......>....................F.....
.......#.############****###<[...
######.#.#...# #..[...##
#<#.#...* #.(....',
###.#.############ #......#*
#......≈≈≈≈≈≈≈≈≈.###......#*
#......÷≈≈≈.OZ≈≈..##......#*
#......≈≈≈≈@FZ≈≈..........#*
#....÷##############......#
#.....#,* *......# #.....#,*
*......#
#.....#,************#######
#.....#,*,,,,,,,,,,*
#######,*,,,,,,,,,,*********
*,*,,,,,,,,,,+,,**,,,,
*,*,,,,,,,,,,**,**,***


You could see an ogre, a bullfrog, a water moccasin skeleton and a wyvern
skeleton.

Vanquished Creatures
  An orc warrior (D:5)
  A sky beast (D:5)
  An ogre (D:4)
  A scorpion (D:4)
  2 orc priests (D:5)
  2 hounds (D:5)
  An iron imp (D:3)
  A bullfrog skeleton (D:5)
  An iguana (D:5)
  An orc wizard (D:6)
  5 adders
  4 gnolls (D:4)
  A white imp (D:5)
  An ufetubus (D:4)
  An adder skeleton (D:4)
  7 worms
  3 dart slugs
  12 orcs
  6 ball pythons
  7 endoplasms
  12 giant cockroaches
  5 goblins
  7 hobgoblins
  4 jackals (Sewer)
  2 kobolds
  7 quokkas
  11 bats
  5 frilled lizards
  4 rats
  A spectral goblin (D:3)
117 creatures vanquished.

Notes
Turn   | Place    | Note
-------+----------+-------------------------------------------
     0 | D:1      | Atelerd the Octopode Earth Elementalist began the quest for
                  | the Orb.
     0 | D:1      | Reached XP level 1. HP: 11/11 MP: 3/3
   345 | D:1      | Reached XP level 2. HP: 17/17 MP: 3/5
   829 | D:2      | Found a snail-covered altar of Cheibriados.
   966 | D:2      | Reached XP level 3. HP: 10/21 MP: 0/6
  2735 | D:3      | Found a faded altar of an unknown god.
  2883 | D:3      | Found Poxuc's Armour Boutique.
  2970 | D:3      | Reached XP level 4. HP: 27/27 MP: 5/7
  3046 | D:3      | Found a snail-covered altar of Cheibriados.
  3268 | D:4      | Learned a level 4 spell: Petrify
  3397 | D:4      | Noticed an ogre
  3407 | D:4      | Killed an ogre
  3408 | D:4      | Reached XP level 5. HP: 31/31 MP: 2/9
  3515 | D:4      | Reached XP level 6. HP: 33/36 MP: 5/10
  3630 | D:4      | Found an ornate altar of the Wu Jian Council.
  3630 | D:4      | Found a radiant altar of Vehumet.
  3631 | D:4      | Found a burning altar of Makhleb.
  3659 | D:4      | Found a transporter.
  3977 | D:5      | Entered Level 5 of the Dungeon
  4153 | D:5      | Found a shimmering altar of Xom.
  4161 | D:5      | Reached skill level 5 in Earth Magic
  4349 | D:5      | Noticed a sky beast
  4366 | D:5      | Killed a sky beast
  4409 | D:5      | Noticed an orc warrior
  4416 | D:5      | Reached XP level 7. HP: 41/41 MP: 12/12
  4831 | D:4      | Found a transporter.
  5754 | D:5      | Found a staircase to the Ecumenical Temple.
  5762 | Temple   | Entered the Ecumenical Temple
  5932 | Temple   | Became a worshipper of Sif Muna the Loreminder
  6228 | D:5      | Found a sacrificial altar of Ru.
  7173 | D:6      | Reached skill level 1 in Invocations
  7420 | D:6      | Found a glowing drain.
  7424 | D:6      | Reached skill level 5 in Transmutations
  7435 | Sewer    | Entered a sewer
  8240 | D:6      | Annihilated by an ogre

Illustrated notes

Levels and vault maps discovered:
D:1:      roderic_crossed_star, layout_rooms, chequers_serial_rivers_micro_e,
          st_stairs_9
D:2:      layout_basic, basic_altar, minmay_pentomino_q4
D:3:      layout_loops_ring, slow_altar_1, serial_shops, shop,
          dreamdust_ecumenical_altar_drowned_temple
D:4:      gammafunk_wand_slinger, layout_basic, gammafunk_temple_overflow_claw
D:5:      layout_cave_pods, nicolae_ru_path_of_blood,
          mainiacjoe_overflow_boulevard, minmay_temple_entry_mini_moons
D:6:      layout_basic, portal_sewer_entry_f, gammafunk_ghost_stat_death,
          uniq_duvessa, uniq_maggie
Temple:   nicolae_temple_figure_eight

Skill      XL: |  1  2  3  4  5  6  7 |
---------------+----------------------+-----
Transmutations | 2 3 4 5 |  5.0
Earth Magic    | 4 5 |  5.9
Spellcasting   | 3 |  3.7
Stealth        | 3 4 |  4.1
Invocations    | 1 |  1.1
Dodging        | |  2.0

Action                   |  1- 3 |  4- 6 |  7- 9 || total
-------------------------+-------+-------+-------++-------
Melee: Unarmed           |     7 |       |       ||     7
       Dagger            |    51 |    40 |    98 ||   189
       Constrict         |    17 |     9 |    26 ||    52
       Tentacles         |     6 |     6 |    14 ||    26
 Cast: Sandblast         |    41 |    39 |    52 ||   132
       Petrify           |       |     1 |    10 ||    11
  Use: Scroll            |       |       |     4 ||     4
       Potion            |       |       |     1 ||     1
 Stab: Sleeping          |     7 |     3 |     7 ||    17
       Petrified         |       |     9 |    13 ||    22
Armor: Skin              |     7 |     2 |     7 ||    16
Dodge: Dodged            |    41 |    30 |    57 ||   128
Block: Other             |     5 |    12 |    29 ||    46
       Reflection        |       |       |     1 ||     1
